 Dungeon Crawl Stone Soup version 0.30.1 (webtiles) character file.

Game seed: 11534324922289737131

4840 7w4c the Skirmisher (level 10, 0/47 HPs)
             Began as a Spriggan Hunter on July 13, 2023.
             Was a Believer of Hepliaklqana.
             Slain by a hornet (13 damage)
             ... on level 8 of the Dungeon.
             The game lasted 00:31:21 (7414 turns).

7w4c the Skirmisher (Spriggan Hunter)               Turns: 7414, Time: 00:31:22

Health: 0/47       AC:  4    Str:  7    XL:     10   Next: 25%
Magic:  11/11      EV: 22    Int: 10    God:    Hepliaklqana [**....]
Gold:   80         SH:  0    Dex: 30    Spells: 9/9 levels left

rFire   . . .        u - +3 shortbow (drain)
rCold   . . .        (shield currently unavailable)
rNeg    . . .        c - +0 robe
rPois   .            (helmet restricted)
rElec   .            l - +1 cloak
rCorr   .            (gloves unavailable)
SInv    +            (boots unavailable)
Will    +....        b - amulet of faith
Stlth   ++++         f - +6 ring of dexterity
HPRegen 0.27/turn    (no ring)
MPRegen 0.12/turn

%: faith
@: very quick
A: reduced essence, very small, no large weapons, unfitting armour, see
invisible, speed 3
a: Renounce Religion, Recall Ancestor, Ancestor Identity


You were on level 8 of the Dungeon.
You worshipped Hepliaklqana.
Hepliaklqana was pleased with you.
You visited 2 branches of the dungeon, and saw 9 of its levels.
You also visited: Sewer.

You collected 458 gold pieces.
You spent 378 gold pieces at shops.

Inventory:

Hand Weapons
 u - a +3 shortbow of draining (weapon)
Armour
 c - a +0 robe (worn)
 l - a +1 cloak (worn)
Jewellery
 b - an amulet of faith (around neck)
 f - a +6 ring of dexterity (left hand)
Wands
 k - a wand of paralysis (11)
 m - a wand of digging (3)
Scrolls
 d - 7 scrolls of teleportation
 i - 3 scrolls of vulnerability
 j - a scroll of amnesia
 q - a scroll of enchant armour
 s - a scroll of blinking
 w - a scroll of magic mapping {unknown}
 x - a scroll of identify
 y - a scroll of torment {unknown}
Potions
 a - a potion of magic {unknown}
 e - 2 potions of flight {unknown}
 g - 3 potions of brilliance
 h - 2 potions of curing
 n - 2 potions of resistance {unknown}
 o - 2 potions of cancellation {unknown}
 p - a potion of invisibility
 r - 2 potions of haste
 t - a potion of berserk rage {unknown}
 v - a potion of might


   Skills:
 + Level 5.9 Fighting
 + Level 13.3 Ranged Weapons
 + Level 5.0 Dodging
 + Level 4.3 Stealth
 + Level 0.4 Evocations


You had 9 spell levels left.
You didn't know any spells.
Your spell library contained the following spells:

 Spells                   Type           Power      Damage    Failure   Level
 Cigotuvi's Dreadful Rot  Necr/Pois/Air  0%         N/A       50%         2
 Sublimation of Blood     Necr           0%         N/A       50%         2
 Call Canine Familiar     Summ           0%         N/A       75%         3
 Dazzling Flash           Conj/Hex       0%         N/A       75%         3
 Portal Projectile        Hex/Tloc       0%         N/A       75%         3
 Dispel Undead            Necr           0%         3d6       98%         4
 Leda's Liquefaction      Hex/Erth       0%         N/A       98%         4
 Petrify                  Tmut/Erth      0%         N/A       98%         4
 Agony                    Necr           0%         N/A       100%        5
 Irradiate                Conj/Tmut      0%         3d11      100%        5
 Silence                  Hex/Air        0%         N/A       100%        5
 Conjure Ball Lightning   Conj/Air       0%         3x3d6     100%        6
 Death Channel            Necr           0%         N/A       100%        6
 Discord                  Hex            0%         N/A       100%        8
 Disjunction              Tloc           0%         N/A       100%        8


Dungeon Overview and Level Annotations

Branches:
Dungeon (8/15)             Temple (1/1) D:5            Lair (0/5) D:8
  Sewer (visited)

Altars:
Ashenzari
Elyvilon
Fedhas
Hepliaklqana
Kikubaaqudgha
Nemelex Xobeh
Okawaru
Ru
Uskayaw
Vehumet
Wu Jian
Xom
Yredelemnul
Zin

Shops:
D:1 =[:   D:8 !

Annotations:
D:4 2 transporters, SNESPrime's ghost, amateur DrBe
D:8 exclusion: oklob plant


Innate Abilities, Weirdness & Mutations

Your life essence is reduced to manifest your ancestor. (-10% HP)
You are very small and have problems with some larger weapons.
You are too small for most types of armour.
You have supernaturally acute eyesight. (SInv)
You cover ground extremely quickly. (Speed+++)


Message History

Aim: an orc, wielding a +0 hand axe (almost dead, heavily drained, ally target, 75% to hit)
You shoot an arrow. Nyarlothotep avoids your attack.
The arrow hits the orc!
You kill the orc!
You swap places.
You now have 80 gold pieces (gained 13).
You see here a +0 hand axe.
You pick up a book of Alchemy and begin reading...
You add the spells Sublimation of Blood, Petrify and Irradiate to your library.
Okay, then.
A hornet comes into view.
Fire: u) +3 shortbow (drain)
Press: ? - help, Q - select action, (/) - cycle Shift-Dir - straight line, f - hornet
Aim: a hornet (asleep, 98% to hit)
You shoot an arrow. The arrow hits the hornet.
You drain the hornet.
The hornet buzzes angrily.
The hornet is lightly wounded.
Fire: u) +3 shortbow (drain)
Press: ? - help, Q - select action, (/) - cycle Shift-Dir - straight line, f/p - hornet
Aim: a hornet (lightly wounded, lightly drained, ally target, 66% to hit)
You shoot an arrow. The arrow hits the hornet!
The hornet is moderately wounded.
The hornet stings you but does no damage.
You swap places.
The hornet stings you!
You suddenly lose the ability to move!
Nyarlothotep barely misses the hornet.
The hornet stings you!
You are poisoned.
You feel yourself slow down.
You feel very sick.
The hornet stings you but does no damage.
Nyarlothotep hits the hornet with a +0 flail!
The hornet stings you!
* * * LOW HITPOINT WARNING * * *
You shrug off the repeated paralysis!
You can move again.
The hornet attacks as you move away! The hornet stings you.
* * * LOW HITPOINT WARNING * * *
You shrug off the repeated paralysis!
You feel sick.
You feel better.
You feel yourself speed up. The hornet stings you!
You die...

~.......#########.#R#.#
~.......'.........#.#.#
~.......###########.#.#
.......)# #.#.#
........#### #.#.#
'#####.....# #.#.#
#.....########.#.#
#.............)#..
##@....########'###
#Ry....##...(......
#......##........##
.............##........##
##...........##....##....
#######.....##....######
......##....#
#####.##....# ###....#


You could see the friendly Nyarlothotep the knight and a hornet (drained, ally
target).

Vanquished Creatures
  Pikel (D:7)
  Joseph (D:7)
  A troll (D:7)
  3 wyverns
  2 basilisks (D:8)
  Eustachio (D:5)
  Edmund (D:5)
  4 water moccasins
  Pargi (Sewer)
  A sky beast (D:6)
  An orc warrior (D:8)
  A black bear (D:8)
  3 wolves (D:8)
  4 centaurs
  4 lemures (D:7)
  2 phantoms
  Blork the orc (D:5)
  3 bullfrogs
  5 scorpions
  5 killer bees (D:8)
  3 jellies
  4 orc priests
  Crazy Yiuf (D:4)
  An iguana (D:6)
  2 sleepcaps
  Terence (D:2)
  4 orc wizards
  4 gnolls (D:6)
  3 adders
  3 river rats (D:6)
  An ufetubus (D:5)
  3 worms
  A dart slug (D:2)
  22 orcs
  5 ball pythons
  5 bats
  4 endoplasms
  4 giant cockroaches
  4 goblins
  5 hobgoblins
  4 jackals (Sewer)
  5 kobolds
  A quokka (D:6)
  4 frilled lizards
  5 rats
144 creatures vanquished.

Vanquished Creatures (others)
  An ancestor (D:7)
1 creature vanquished.

Grand Total: 145 creatures vanquished

Notes
Turn   | Place    | Note
-------+----------+-------------------------------------------
     0 | D:1      | 7w4c the Spriggan Hunter began the quest for the Orb.
     0 | D:1      | Reached XP level 1. HP: 10/10 MP: 2/2
    22 | D:1      | Found Ufiatsuanu's Armour Boutique.
    52 | D:1      | Found Tunix's Jewellery Boutique.
   126 | D:1      | Reached XP level 2. HP: 12/14 MP: 3/3
   231 | D:1      | Found Orafungi's Book Boutique.
   357 | D:1      | Found a faded altar of an unknown god.
   946 | D:2      | Noticed Terence
   968 | D:2      | Killed Terence
   969 | D:2      | Reached skill level 5 in Ranged Weapons
   969 | D:2      | Reached XP level 3. HP: 18/18 MP: 4/4
  1296 | D:3      | Noticed a phantom
  1307 | D:3      | Killed a phantom
  1308 | D:3      | Reached XP level 4. HP: 12/23 MP: 5/5
  1548 | D:3      | Reached XP level 5. HP: 26/26 MP: 6/6
  1559 | D:3      | Reached skill level 6 in Ranged Weapons
  2433 | D:4      | Found a runed translucent door.
  2434 | D:4      | Noticed Crazy Yiuf
  2610 | D:4      | Found a sacrificial altar of Ru.
  2632 | D:4      | Noticed SNESPrime's ghost (amateur DrBe)
  2633 | D:4      | Found a transporter.
  2633 | D:4      | Found a transporter.
  2636 | D:4      | Noticed an ogre
  2736 | D:4      | Reached XP level 6. HP: 13/31 MP: 7/7
  2956 | D:4      | Killed Crazy Yiuf
  3102 | D:5      | Entered Level 5 of the Dungeon
  3102 | D:5      | Noticed Blork the orc
  3106 | D:5      | Reached skill level 7 in Ranged Weapons
  3124 | D:5      | Killed Blork the orc
  3288 | D:5      | Noticed Edmund
  3297 | D:5      | Reached XP level 7. HP: 30/36 MP: 8/8
  3310 | D:5      | Noticed Eustachio
  3321 | D:5      | Killed Eustachio
  3346 | D:5      | Found a staircase to the Ecumenical Temple.
  3370 | D:5      | Killed Edmund
  3371 | D:5      | Reached skill level 8 in Ranged Weapons
  3500 | Temple   | Entered the Ecumenical Temple
  3657 | Temple   | Became a worshipper of Hepliaklqana the Forgotten
  4465 | D:6      | Found a shimmering altar of Xom.
  4510 | D:6      | Reached skill level 9 in Ranged Weapons
  4510 | D:6      | Reached XP level 8. HP: 42/42 MP: 9/9
  4755 | D:6      | Found a glowing drain.
  4759 | Sewer    | Entered a sewer
  4825 | Sewer    | Noticed Pargi
  4857 | Sewer    | Killed Pargi
  5521 | D:6      | Reached skill level 10 in Ranged Weapons
  6106 | D:7      | Noticed a troll
  6110 | D:7      | Killed a troll
  6111 | D:7      | Noticed Joseph
  6124 | D:7      | Killed Joseph
  6125 | D:7      | Reached skill level 11 in Ranged Weapons
  6125 | D:7      | Reached XP level 9. HP: 14/46 MP: 10/10
  6294 | D:7      | Reached * piety under Hepliaklqana
  6320 | D:7      | Found the +12 glaive of Prune {freeze, Prune}
  6450 | D:7      | Noticed Pikel
  6473 | D:7      | Killed Pikel
  6773 | D:7      | Found a sparkling altar of Nemelex Xobeh.
  6835 | D:8      | Found Daoddav's Distillery.
  6843 | D:8      | Bought a potion of curing for 42 gold pieces
  6843 | D:8      | Bought a potion of curing for 42 gold pieces
  6843 | D:8      | Bought a potion of curing for 42 gold pieces
  6843 | D:8      | Bought a potion of heal wounds for 70 gold pieces
  6843 | D:8      | Bought a potion of haste for 140 gold pieces
  6843 | D:8      | Bought a potion of curing for 42 gold pieces
  6847 | D:8      | Found a staircase to the Lair.
  6864 | D:8      | Reached skill level 5 in Fighting
  6875 | D:8      | Reached skill level 12 in Ranged Weapons
  6927 | D:8      | Reached skill level 5 in Dodging
  6953 | D:8      | Found a blossoming altar of Fedhas.
  6976 | D:8      | Noticed an oklob plant
  7024 | D:8      | Reached XP level 10. HP: 21/46 MP: 11/11
  7142 | D:8      | Reached skill level 13 in Ranged Weapons
  7299 | D:8      | Reached ** piety under Hepliaklqana
  7301 | D:8      | Remembered your ancestor Nyarlothotep as a knight
  7410 | D:8      | Paralysed by a hornet for 2 turns
  7414 | D:8      | Slain by a hornet

Illustrated notes

Levels and vault maps discovered:
D:1:      saegor_arrival_fortress, layout_rooms, ebering_ecumenical_altar_mist,
          serial_shops, nicolae_shop_tiny_waterfront, shop, shop_fountains,
          minivault_27
D:2:      layout_loops_cross, uniq_terence
D:3:      layout_loops_ring, minmay_cut_off
D:4:      nicolae_cairo_tiling_large_dashed, layout_gridville,
          nicolae_ru_path_of_blood, gammafunk_ghost_smash,
          hangedman_abyss_or_decor_stagger, uniq_crazy_yiuf_cottage
D:5:      layout_basic, minmay_temple_entry_overgrown, minmay_misc_feat_chi,
          minmay_misc_feat_room, uniq_blork_the_orc, uniq_eustachio, uniq_edmund
D:6:      layout_loops_ring, mainiacjoe_overflow_surrounded_room,
          gup_sewer_entry_spiral, item_on_display_a
D:7:      layout_basic, nemelex_diamond_rough_becter, serial_park_tiny_1,
          uniq_joseph, uniq_pikel
D:8:      layout_basic, tgw_fedhas, kennysheep_slug_shrine,
          minmay_lair_entry_grove, serial_shops, shop
Temple:   jpeg_temple_alley_garden

Skill      XL: |  1  2  3  4  5  6  7  8  9 10 |
---------------+-------------------------------+-----
Ranged Weapons | 5 6 7 9 11 12 13 | 13.3
Fighting       | 2 3 4 5 |  5.9
Dodging        | 3 4 5 |  5.0
Stealth        | 2 4 |  4.3
Evocations     | |  0.4

Action                     |  1- 3 |  4- 6 |  7- 9 | 10-12 || total
---------------------------+-------+-------+-------+-------++-------
   Fire: Shortbow          |    91 |   107 |   309 |    74 ||   581
 Invoke: Ancestor Identity |       |       |     1 |       ||     1
         Recall Ancestor   |       |       |       |     1 ||     1
         Ancestor Life: Kn |       |       |       |     1 ||     1
  Evoke: Wand              |       |     1 |     2 |       ||     3
    Use: Scroll            |     4 |     4 |     7 |       ||    15
         Potion            |       |     3 |     2 |     1 ||     6
 Armour: Robe              |     1 |     2 |    11 |     5 ||    19
  Dodge: Dodged            |    25 |    24 |   136 |    19 ||   204
